Map: Orbital Shipyard

Players

Behemoth - Winner!

  • Race: Protoss Protoss
  • League: Diamond

Jolatis

  • Race: Zerg Zerg
  • League: Diamond

VOD

Have the link to the VOD?

Description

Time

  • Played on: Feb. 9, 2016, 2:48 p.m.
  • Length: 5:44
Show
View Real Time Build Order
Export as new Build Order

Behemoth Protoss - Winner!

Build Orders:  

Get SALT Encoding   

  12  0:01  Probe (Chrono Boost)  
  13  0:12  Probe (Chrono Boost)  
  14  0:22  Probe (Chrono Boost)  
  15  0:40  Pylon  
  15  0:44  Pylon  
  15  1:03  Gateway  
  15  1:05  Gateway  
  15  1:09  Gateway  
  15  1:12  Gateway  
  15  1:19  Probe (Chrono Boost)  
  15  1:21  Pylon  
  16  1:29  Probe (Chrono Boost)  
  21  1:55  Zealot x2 (Chrono Boost)  
  21  1:59  Zealot x2 (Chrono Boost)  
  30  2:23  Zealot x2 (Chrono Boost)  
  30  2:24  Zealot (Chrono Boost)  
  30  2:27  Pylon  
  30  2:49  Zealot (Chrono Boost)  
  30  2:50  Zealot (Chrono Boost)  
  30  2:51  Zealot (Chrono Boost)  
  36  2:53  Zealot (Chrono Boost)  
  30  3:16  Zealot (Chrono Boost)  
  30  3:17  Zealot (Chrono Boost)  
  30  3:18  Zealot x2 (Chrono Boost)  
  38  3:34  Pylon  
  38  3:53  Zealot (Chrono Boost)  
  46  3:56  Zealot x2 (Chrono Boost)  
  46  3:57  Zealot (Chrono Boost)  
  46  4:41  Pylon  
  54  5:00  Zealot (Chrono Boost)  
  54  5:02  Nexus  
  54  5:03  Zealot x3 (Chrono Boost)  
  54  5:10  Forge  
Show
View Real Time Build Order
Export as new Build Order

Jolatis Zerg 

Build Orders: Hatch First 

Get SALT Encoding   

  12  0:01  Drone  
  13  0:10  Drone  
  14  0:21  Overlord  
  14  0:27  Extractor  
  14  0:28  Drone  
  15  0:40  Drone x2  
  17  0:44  Drone  
  18  0:57  Hatchery  
  17  1:10  Spawning Pool  
  16  1:14  Drone  
  17  1:22  Extractor  
  17  1:24  Drone x2  
  18  1:31  Drone  
  19  1:54  Overlord  
  19  2:01  Spine Crawler  
  18  2:02  Zergling x4  
  18  2:03  Queen, Spine Crawler  
  21  2:11  Zergling x4  
  23  2:21  Zergling x4  
  25  2:38  Spine Crawler  
  25  2:39  Spine Crawler  
  23  2:49  Drone x2  
  23  2:51  Drone  
  26  2:57  Metabolic Boost  
  26  3:05  Drone  
  23  3:17  Spine Crawler  
  21  3:24  Zergling x4  
  21  3:25  Zergling x2  
  22  3:48  Overlord  
  22  3:50  Drone x2  
  22  3:51  Zergling x4  
  22  3:52  Zergling x2  
  27  4:05  Zergling x6  
  30  4:34  Lair  
  29  4:53  Spawning Pool  
  29  4:59  Evolution Chamber  
  27  5:13  Drone x5  
  32  5:21  Overlord  
Tags
 
Add a new tag
Caveats
  • Supply blocks, unpowered buildings, or Contaminate may cause inaccurate times.
  • Supply counts are checked every 10 seconds.